 Dungeon Crawl Stone Soup version 0.16-a0-3536-g164200f (webtiles) character file.

16646 Stone the Grappler (level 12, -5/118 HPs)
             Began as a Troll Monk on Jan 8, 2015.
             Slain by a death yak (24 damage)
             ... on level 7 of the Lair of Beasts.
             The game lasted 00:46:41 (11815 turns).

Stone the Grappler (Troll Monk)                    Turns: 11815, Time: 00:46:41

Health: -5/118     AC:  6    Str: 25    XL:     12   Next: 11%
Magic:  5/5        EV: 15    Int:  6    God:
Gold:   624        SH:  0    Dex: 13    Spells: 1 memorised, 8 levels left

rFire  + + .     SeeInvis .       - Unarmed
rCold  x . .     Clarity  .     L - +1 robe {rC+}
rNeg   . . .     SustAb   .     (shield restricted)
rPois  .         Gourm    +     (helmet restricted)
rElec  .         Spirit   .     (no cloak)
rCorr  .         Warding  .     (gloves unavailable)
rMut   .         Stasis   .     (boots unavailable)
MR     .....                    (no amulet)
Stlth  ++........               K - ring of fire
                                G - ring of fire

@: not resistant to hostile enchantments, unstealthy
A: unfitting armour, claws 3, fast metabolism 3, gourmand, regeneration 2,
shaggy fur 1, tough skin 2
a: no special abilities


You were on level 7 of the Lair of Beasts.
You were not hungry.

You visited 2 branches of the dungeon, and saw 19 of its levels.
You also visited: Ossuary.

You collected 722 gold pieces.
You spent 98 gold pieces at shops.

Inventory:

Hand weapons
 t - a cursed +0 giant club
 x - the cursed +8 whip "Killer Bee's Doom" {freeze, +Blink +Fly, unknown}
   (You took it off a goblin on level 5 of the Dungeon)

   It has been specially enchanted to freeze those struck by it, causing extra
   injury to most foes and up to half again as much damage against particularly
   susceptible opponents.
   It can also slow down cold-blooded creatures.
   It lets you fly.
   It lets you blink.
   It has a curse placed upon it.
 E - a cursed -2 blowgun
Missiles
 d - 25 stones (quivered)
 F - 10 poisoned needles
Armour
 a - a +0 robe
 A - a cursed +0 robe
 L - a +1 robe of cold resistance (worn)
 M - a troll hide
Magical staves
 Q - an uncursed staff of cold
Jewellery
 G - a ring of fire (left claw)
 H - a -2 ring of intelligence
 K - a ring of fire (right claw)
Magical devices
 o - a wand of cold (5)
 u - a wand of flame (19)
 w - a wand of flame (27)
 y - a wand of disintegration (10)
Scrolls
 h - a scroll of immolation
 i - 2 scrolls of enchant weapon
 j - a scroll of vulnerability
 k - a scroll of fog
 l - 3 scrolls of remove curse
 p - 2 scrolls of teleportation
 q - a scroll of amnesia
 O - a scroll of enchant armour {unknown}
 S - a scroll of brand weapon {unknown}
Potions
 e - 3 potions of heal wounds
 f - a potion of magic
 g - 3 potions of haste
 n - a potion of agility
 s - 2 potions of brilliance
 v - 2 potions of curing
 z - a potion of flight
 B - 2 potions of ambrosia
 C - 2 potions of cure mutation
 D - 2 potions of poison
 I - a potion of resistance {unknown}
 J - 3 potions of restore abilities
Books
 N - a book of Conjurations

   Spells                             Type                      Level
   a - Magic Dart                     Conjuration                  1
   b - Searing Ray                    Conjuration                  2
   c - Dazzling Spray                 Conjuration/Hexes            3
   d - Fulminant Prism                Conjuration/Hexes            4
   e - Iskenderun's Mystic Blast      Conjuration                  4
   f - Iskenderun's Battlesphere      Conjuration/Charms           5
 P - a Necronomicon {highlevel}

   This book is beyond your current level of understanding.

   Spells                             Type                      Level
   a - Haunt                          Necromancy/Summoning         7
   b - Borgnjor's Revivification      Necromancy                   8
   c - Death's Door                   Charms/Necromancy            8
   d - Necromutation                  Transmutation/Necromancy     8
 R - a book of Annihilations {highlevel, unknown}

   This book is beyond your current level of understanding.

   Spells                             Type                      Level
   a - Poison Arrow                   Conjuration/Poison           6
   b - Chain Lightning                Conjuration/Air              8
   c - Lehudib's Crystal Spear        Conjuration/Earth            8
   d - Glaciate                       Conjuration/Ice              9
   e - Fire Storm                     Conjuration/Fire             9
Comestibles
 b - 2 meat rations
 c - 9 fruits
 r - 11 bread rations


   Skills:
 + Level 7.3 Fighting
 + Level 4.1 Armour
 * Level 10.2 Dodging
 - Level 1.1 Stealth
 * Level 12.4 Unarmed Combat
 + Level 3.6 Conjurations


You had 8 spell levels left.
You knew the following spells:

 Your Spells              Type           Power        Failure   Level  Hunger
a - Dazzling Spray        Conj/Hex       #.......     80%         3    ####...


Dungeon Overview and Level Annotations

Branches:
Dungeon (12/15)            Temple (0/1) D:5            Lair (7/8) D:11
    Orc (0/4) D:10
  Swamp: Lair:3-6    Shoals: Lair:3-6     Snake: Lair:3-6    Spider: Lair:3-6
  Slime: Lair:6-8

Altars:
Fedhas
Gozag
Kikubaaqudgha
Nemelex Xobeh
Okawaru
Trog
Xom
Zin
The Shining One

Shops:
D:4 =   D:7 ?


Innate Abilities, Weirdness & Mutations

You are too large for most types of armour.
You have claws for hands.
Your metabolism is lightning-fast.
You like to eat raw meat.
You heal very quickly.
You are covered in fur (AC +1).
You have very tough skin (AC +2).


Message History

Eat which item? (? for menu, Esc to quit)
You can't eat that!
Drink which item? (? for menu, Esc to quit)
You feel much better.
The death yak is no longer bleeding.
The death yak barely misses you. The death yak gores you!!
You claw the death yak!
The death yak begins to bleed from its wounds!
The death yak is lightly wounded.
The death yak gores you!
* * * LOW HITPOINT WARNING * * *
The death yak barely misses you.
You claw the death yak! You claw the death yak.
The death yak is moderately wounded.
The death yak gores you but does no damage.
The death yak gores you!
* * * LOW HITPOINT WARNING * * *
You barely miss the death yak.
The death yak is lightly wounded.
The death yak gores you!!
You die...

##.# ##........# ##...
#.....††..####
....###.#...†.†..##.# # #
...#.#............. #####
##. #=................
....# ....
#P..........<..PP.
....Y.YY .....
+Y.............P..
....+.P
#.....Y#YY#P...........##
.....#
#......H@##.P........P.#
....##
##...#.#####........#..#
.....# #. ##
####.######## #PP#. ###
#..#


You could see 4 death yaks and a hippogriff.

Vanquished Creatures
  Fannar (Lair:7)
  A centaur warrior (D:11)
  2 death yaks (Lair:7)
  2 hill giants (D:10)
  A griffon (Lair:6)
  5 elephants
  A black mamba (Lair:1)
  3 spiny frogs
  A torpor snail (Lair:7)
  2 komodo dragons
  2 trolls
  Grinder (D:5)
  5 yaks
  A spriggan (D:7)
  Eustachio (D:9)
  Grum (D:9)
  A hippogriff (D:11)
  2 hungry ghosts
  5 wolves
  A deep elf fighter (D:7)
  2 water moccasins
  2 ice beasts
  A porcupine (Lair:6)
  An orc warrior (D:3)
  4 centaurs
  A boring beetle (Lair:7)
  A black bear (D:10)
  4 ogres
  3 phantoms
  4 crocodiles
  A sky beast (D:10)
  11 giant frogs
  11 big kobolds (D:8)
  3 troll zombies (D:10)
  The ghost of oshikia the Insei, a weakling DsMo (D:3)
  3 wights (D:11)
  3 goliath beetles
  7 crimson imps
  An iron imp (D:9)
  A human zombie (Ossuary)
  2 giant frog skeletons
  4 hounds
  4 jellies
  5 orc priests
  2 quasits
  2 centaur skeletons
  A gnoll shaman (D:6)
  5 orc wizards
  6 worker ants
  2 iguanas
  A sheep (D:11)
  5 ogre zombies (D:10)
  A hound zombie (Ossuary)
  5 mummies
  6 gnolls (D:6)
  38 river rats
  8 adders
  3 giant mites
  3 worms (D:2)
  4 adder zombies
  3 giant geckos
  An ooze (D:3)
  30 orcs
  3 ball pythons
  14 bats
  12 goblins
  14 hobgoblins
  20 jackals
  7 quokkas
  9 giant cockroaches
  A giant cockroach zombie (D:6)
  A giant gecko skeleton (D:7)
  4 giant newts
  A gnoll zombie (Ossuary)
  3 goblin zombies
  A hobgoblin skeleton (D:10)
  5 hobgoblin zombies
  2 jackal zombies
  24 kobolds
  3 kobold zombies
  5 orc skeletons (D:10)
  16 orc zombies
  14 rats
  A rat zombie (Ossuary)
405 creatures vanquished.

Vanquished Creatures (others)
  A human (D:3)
  A bush (Lair:7)
  2 fungi
4 creatures vanquished.

Grand Total: 409 creatures vanquished

Notes
Turn   | Place    | Note
--------------------------------------------------------------
     0 | D:1      | Stone, the Troll Monk, began the quest for the Orb.
     0 | D:1      | Reached XP level 1. HP: 22/22 MP: 1/1
    78 | D:1      | Reached XP level 2. HP: 26/29 MP: 1/1
   290 | D:1      | Reached XP level 3. HP: 36/36 MP: 2/2
   757 | D:2      | Reached skill level 5 in Unarmed Combat
   757 | D:2      | Reached XP level 4. HP: 44/44 MP: 2/2
  1139 | D:3      | Found a glowing silver altar of Zin.
  1215 | D:3      | Noticed oshikia's ghost (weakling DsMo)
  1229 | D:3      | Killed oshikia's ghost
  1229 | D:3      | Reached XP level 5. HP: 36/52 MP: 2/2
  1874 | D:3      | Noticed an orc warrior
  1883 | D:3      | Killed an orc warrior
  1883 | D:3      | Reached XP level 6. HP: 32/61 MP: 3/3
  1884 | D:3      | Found an ancient bone altar of Kikubaaqudgha.
  2033 | D:3      | Noticed a human
  2034 | D:3      | Killed a human
  2283 | D:4      | Found a shimmering altar of Xom.
  2526 | D:4      | Found Duerur's Jewellery Boutique.
  2554 | D:4      | Found a blossoming altar of Fedhas.
  2711 | D:4      | Reached skill level 6 in Unarmed Combat
  2832 | D:5      | Entered Level 5 of the Dungeon
  2860 | D:5      | Found an opulent altar of Gozag.
  3086 | D:5      | Reached XP level 7. HP: 53/67 MP: 3/3
  3165 | D:5      | Found an iron altar of Okawaru.
  3296 | D:5      | Noticed Grinder
  3312 | D:5      | Killed Grinder
  3312 | D:5      | Reached skill level 5 in Dodging
  3313 | D:5      | Found a staircase to the Ecumenical Temple.
  3406 | D:5      | Reached skill level 7 in Unarmed Combat
  3408 | D:5      | Got a sapphire whip
  3902 | D:6      | Reached XP level 8. HP: 65/78 MP: 3/3
  4483 | D:6      | Found a bloodstained altar of Trog.
  4579 | D:6      | Found a glowing golden altar of the Shining One.
  4687 | D:6      | Gained mutation: Potions and wands are less effective at restoring your health. [potion of mutation]
  4687 | D:6      | Gained mutation: You have difficulty communicating with the divine. [potion of mutation]
  4687 | D:6      | Gained mutation: Scrolls take you a little longer to read. [potion of mutation]
  4688 | D:6      | Lost mutation: Potions and wands are less effective at restoring your health. [potion of cure mutation]
  4688 | D:6      | Lost mutation: Scrolls take you a little longer to read. [potion of cure mutation]
  4688 | D:6      | Lost mutation: You have difficulty communicating with the divine. [potion of cure mutation]
  5119 | D:7      | Reached skill level 8 in Unarmed Combat
  5253 | D:7      | Found Qebahujemekh's Magic Scroll Shoppe.
  5259 | D:7      | Bought a scroll of identify for 28 gold pieces
  5259 | D:7      | Bought a scroll of identify for 28 gold pieces
  5259 | D:7      | Bought a scroll of remove curse for 42 gold pieces
  5512 | D:7      | Found a sparkling altar of Nemelex Xobeh.
  5579 | D:7      | Reached XP level 9. HP: 71/87 MP: 4/4
  5838 | D:8      | Found a sand-covered staircase.
  5846 | Ossuary  | Entered an ossuary
  6169 | D:8      | Reached skill level 9 in Unarmed Combat
  6197 | D:8      | Reached skill level 5 in Fighting
  6624 | D:9      | Noticed Eustachio
  6641 | D:9      | Killed Eustachio
  6687 | D:9      | Reached skill level 10 in Unarmed Combat
  6715 | D:9      | Reached XP level 10. HP: 53/98 MP: 4/4
  6920 | D:9      | Noticed Grum
  6945 | D:9      | Killed Grum
  7541 | D:10     | Entered Level 10 of the Dungeon
  7629 | D:10     | Learned a level 3 spell: Dazzling Spray
  7722 | D:10     | Noticed a hill giant
  7732 | D:10     | Killed a hill giant
  7866 | D:10     | Reached skill level 1 in Armour
  7959 | D:10     | Reached skill level 1 in Conjurations
  7970 | D:10     | Found a staircase to the Orcish Mines.
  8089 | D:10     | Reached skill level 11 in Unarmed Combat
  8416 | D:10     | Noticed a hill giant
  8422 | D:10     | Killed a hill giant
  8649 | D:11     | Gained mutation: You possess an exceptional clarity of mind. [potion of mutation]
  8649 | D:11     | Gained mutation: You are agile. (Dex +2) [potion of mutation]
  8649 | D:11     | Gained mutation: You are frail (-10% HP). [potion of mutation]
  8650 | D:11     | Lost mutation: You are frail (-10% HP). [potion of cure mutation]
  8650 | D:11     | Lost mutation: You possess an exceptional clarity of mind. [potion of cure mutation]
  8650 | D:11     | Lost mutation: You are agile. (Dex +2) [potion of cure mutation]
  8704 | D:11     | Reached XP level 11. HP: 52/107 MP: 4/4
  8807 | D:11     | Noticed a centaur warrior
  8824 | D:11     | Killed a centaur warrior
  8987 | D:11     | Noticed an elephant
  8988 | D:11     | Found a staircase to the Lair.
  8995 | D:11     | Killed an elephant
  9318 | D:11     | You fall through a shaft!
  9439 | Lair:1   | Entered Level 1 of the Lair of Beasts
  9751 | Lair:2   | Noticed an eight-headed hydra
 10199 | Lair:6   | Noticed a death yak
 10200 | Lair:6   | Noticed a death yak
 10202 | Lair:6   | Noticed a death yak
 10203 | Lair:6   | Noticed a death yak
 10203 | Lair:6   | Noticed a death yak
 10204 | Lair:6   | Noticed a death yak
 10832 | Lair:7   | Noticed a death yak
 10834 | Lair:7   | Noticed a death yak
 10835 | Lair:7   | Noticed a death yak
 10855 | Lair:7   | Killed a death yak
 11011 | Lair:7   | Reached skill level 12 in Unarmed Combat
 11274 | Lair:7   | Noticed Fannar
 11290 | Lair:7   | Killed Fannar
 11290 | Lair:7   | Reached skill level 10 in Dodging
 11530 | Lair:7   | Reached XP level 12. HP: 59/118 MP: 5/5
 11794 | Lair:7   | Noticed a death yak
 11800 | Lair:7   | Noticed a death yak
 11801 | Lair:7   | Noticed a death yak
 11805 | Lair:7   | Killed a death yak
 11815 | Lair:7   | Slain by a death yak

Action                   |  1- 3 |  4- 6 |  7- 9 | 10-12 || total
-------------------------+-------+-------+-------+-------++-------
Melee: Unarmed           |    80 |   170 |   402 |   588 ||  1240
Throw: Stone             |       |       |       |     7 ||     7
  Use: Scroll            |     2 |     5 |    17 |     9 ||    33
       Potion            |       |     1 |     2 |    10 ||    13
 Stab: Sleeping          |     1 |     1 |       |     1 ||     3
       Distracted        |       |     1 |       |       ||     1
  Eat: Chunk             |     5 |    19 |    13 |    27 ||    64
       Beef jerky        |       |     1 |     1 |     3 ||     5
       Bread ration      |       |     1 |     1 |       ||     2
       Meat ration       |       |       |     2 |     3 ||     5
       Pizza             |       |       |     1 |       ||     1
